[Event "ICCopen2017"]
[Site "Internet Chess Club"]
[Date "2017.03.26"]
[Round "4"]
[White "pagoda"]
[Black "blunder23"]
[Result "1-0"]
[ICCResult "Black forfeits on time"]
[WhiteElo "1776"]
[BlackElo "1459"]
[Opening "Vienna game"]
[ECO "C28"]
[NIC "VG.04"]
[Time "19:41:00"]
[TimeControl "180+0"]

1. Nc3 e5 2. e4 Nc6 3. Bc4 Nf6 4. d3 Na5 5. Bb3 Nxb3 6. axb3 Bc5 7. Nf3 d6
8. O-O h6 9. Be3 Bxe3 10. fxe3 Bg4 11. Qe1 c6 12. Qg3 O-O 13. Nh4 Bh5 14.
Rf5 Bg6 15. Nxg6 fxg6 16. Qxg6 Qe8 17. Qg3 Nh5 18. Qf3 Qg6 19. Rf1 Rxf5 20.
Qxf5 Qxf5 21. exf5 d5 22. h3 Rd8 23. g4 Nf6 24. Kg2 d4 25. exd4 exd4 26. Na4
Nd5 27. Rf2 b6 28. Rd2 Re8 29. c4 Ne3+ 30. Kf2 Re5 31. b4 b5 32. Nc5 h5 33.
Kf3 hxg4+ 34. hxg4 Nf1 35. Rf2 Ne3 36. Re2 Re8 37. Ne6 {Black forfeits on
time} 1-0

[Event "ICCopen2017"]
[Site "Internet Chess Club"]
[Date "2017.03.26"]
[Round "4"]
[White "Cryptochess"]
[Black "arshavin2015"]
[Result "1-0"]
[ICCResult "Black checkmated"]
[WhiteElo "2550"]
[BlackElo "1966"]
[Opening "Robatsch (modern) defense"]
[ECO "B06"]
[NIC "KF.06"]
[Time "19:40:51"]
[TimeControl "180+0"]

1. e4 g6 2. d4 c6 3. c4 d5 4. Nc3 dxe4 5. Nxe4 Bg7 6. Nf3 Nd7 7. Be3 Ngf6 8.
Nxf6+ Nxf6 9. h3 O-O 10. Be2 a5 11. O-O a4 12. Qd3 Bf5 13. Qa3 Re8 14. Rfe1
h5 15. Rad1 Qa5 16. Ne5 Nd7 17. f4 Nxe5 18. dxe5 Bf8 19. Bc5 b6 20. Bb4 Qa7
21. Bf3 Rac8 22. c5 b5 23. Qe3 Be6 24. a3 Bb3 25. Rd2 Qc7 26. g4 hxg4 27.
hxg4 Red8 28. f5 Rxd2 29. Bxd2 Bg7 30. fxg6 fxg6 31. Qg5 Rd8 32. Bf4 Rf8 33.
Be4 Qa7 34. Be3 Bf7 35. Bxg6 Bxg6 36. Qxg6 e6 37. Rd1 Qf7 38. Qxf7+ Rxf7 39.
Rd8+ Kh7 40. Rd6 Bxe5 41. Rxe6 Bxb2 42. Rxc6 Bxa3 43. Rb6 b4 44. c6 b3 45.
Kg2 Kg6 46. c7+ Kg7 47. c8=Q b2 48. Bd4+ Rf6 49. Bxf6+ Kf7 50. Qe6+ Kg6 51.
Bxb2+ Kh7 52. Qg6# {Black checkmated} 1-0

[Event "ICCopen2017"]
[Site "Internet Chess Club"]
[Date "2017.03.26"]
[Round "4"]
[White "SPARNALIQ"]
[Black "larso"]
[Result "1-0"]
[ICCResult "Black checkmated"]
[WhiteElo "3104"]
[BlackElo "2631"]
[Opening "Sicilian: Tartakower variation"]
[ECO "B53"]
[NIC "SI.01"]
[Time "19:41:51"]
[TimeControl "180+0"]

1. e4 c5 2. Nf3 d6 3. d4 cxd4 4. c3 Nf6 5. cxd4 Nxe4 6. Nc3 Nf6 7. Bc4 e6 8.
O-O Be7 9. Re1 O-O 10. Bg5 Nbd7 11. Rc1 a6 12. Bd3 b5 13. d5 e5 14. Ne4 Bb7
15. Ng3 Re8 16. Nf5 Bf8 17. Nd2 Bxd5 18. Ne4 Re6 19. Qf3 Kh8 20. Qh3 g6 21.
Nh6 Bxh6 22. Qxh6 Ng8 23. Qh3 Qf8 24. Rc7 Qe8 25. Nc3 Bc4 26. Be4 Rc8 27.
Rxc8 Qxc8 28. b3 d5 29. Nxd5 Bxd5 30. Bxd5 Rd6 31. Bxf7 Qc2 32. Qf3 Ngf6 33.
Bh6 Qc8 34. h3 Rc6 35. Bd5 Nxd5 36. Qxd5 Nf6 37. Qf7 Qd7 38. Bg7#
{Black checkmated}
1-0

[Event "ICCopen2017"]
[Site "Internet Chess Club"]
[Date "2017.03.26"]
[Round "4"]
[White "kobayashi"]
[Black "Discoverchess"]
[Result "0-1"]
[ICCResult "White checkmated"]
[WhiteElo "2039"]
[BlackElo "2753"]
[Opening "French: advance, Paulsen attack"]
[ECO "C02"]
[NIC "FR.03"]
[Time "19:41:28"]
[TimeControl "180+0"]

1. e4 e6 2. d4 d5 3. e5 c5 4. c3 Nc6 5. Nf3 Qb6 6. a3 Nh6 7. b4 cxd4 8. cxd4
Nf5 9. Bb2 Bd7 10. Be2 Rc8 11. O-O Na5 12. Nbd2 Be7 13. Rc1 O-O 14. Bd3 Rxc1
15. Qxc1 Nc6 16. Nb3 Rc8 17. Qb1 g6 18. Nc5 Be8 19. Rc1 Bxc5 20. dxc5 Qc7
21. Bxf5 exf5 22. Qd3 Rd8 23. Qe3 d4 24. Nxd4 Nxd4 25. Bxd4 Qd7 26. Bc3 Qe6
27. h4 Bc6 28. Qg5 Rd3 29. h5 Be4 30. f3 Bc6 31. hxg6 hxg6 32. Kf2 Qa2+ 33.
Kg3 Qe6 34. Rh1 Rxc3 35. Qh6 f4+ 36. Qxf4 Qf5 37. Qd4 Rxf3+ 38. gxf3 Qxf3+
39. Kh4 Qxh1+ 40. Kg5 Qh5+ 41. Kf6 Qf5+ 42. Ke7 Qe6+ 43. Kd8 Kg7 44. Qe3
Qd7# {White checkmated} 0-1

[Event "ICCopen2017"]
[Site "Internet Chess Club"]
[Date "2017.03.26"]
[Round "4"]
[White "jefferyx"]
[Black "DetectiveStark"]
[Result "1-0"]
[ICCResult "Black checkmated"]
[WhiteElo "2782"]
[BlackElo "2530"]
[Opening "Queen's pawn: London system"]
[ECO "A45"]
[NIC "QP.07"]
[Time "19:41:03"]
[TimeControl "180+0"]

1. d4 Nf6 2. Bf4 e6 3. e3 d5 4. Nf3 c5 5. c3 Nc6 6. Nbd2 Bd6 7. Bg3 O-O 8.
Bb5 Ne7 9. Bd3 Nf5 10. Bxf5 exf5 11. Bxd6 Qxd6 12. dxc5 Qxc5 13. Nb3 Qb6 14.
O-O Re8 15. Qd4 Qc7 16. Rac1 b6 17. h3 Re4 18. Qd1 f4 19. exf4 Qxf4 20. Nfd2
Re8 21. Qf3 Qg5 22. Rfe1 Bf5 23. Nf1 h6 24. Qg3 Qh5 25. Ne3 Be4 26. Rcd1
Rad8 27. Nd4 Rc8 28. Nb5 Re7 29. f3 Bg6 30. Kh2 Rce8 31. Nf1 Re2 32. Rxe2
Rxe2 33. Rd2 Re7 34. Nd4 Kh7 35. Kg1 Bb1 36. a3 Nd7 37. Qd6 Qg5 38. f4 Qf6
39. Qxf6 Nxf6 40. Ng3 Ne4 41. Re2 g6 42. Re3 f5 43. Nge2 Kg7 44. Nf3 Ba2 45.
Ne5 Kf6 46. g4 g5 47. Nf3 gxf4 48. Nxf4 fxg4 49. hxg4 Ng5 50. Nh5+ Kf7 51.
Nxg5+ hxg5 52. Rf3+ Ke8 53. Kf2 Bc4 54. Rf5 Re2+ 55. Kg3 Rxb2 56. Rxg5 Rb3
57. Rg7 Rxc3+ 58. Kf4 Rxa3 59. Ke5 Re3+ 60. Kd6 Kf8 61. Rxa7 Re4 62. Nf6 Rf4
63. g5 Rf5 64. Ke6 Rxg5 65. Rf7# {Black checkmated} 1-0

[Event "ICCopen2017"]
[Site "Internet Chess Club"]
[Date "2017.03.26"]
[Round "4"]
[White "imabeast"]
[Black "TricksOnly"]
[Result "0-1"]
[ICCResult "White resigns"]
[WhiteElo "2629"]
[BlackElo "2300"]
[Opening "Scandinavian defense"]
[ECO "B01"]
[NIC "SD.03"]
[Time "19:41:31"]
[TimeControl "180+0"]

1. e4 d5 2. exd5 Nf6 3. d4 Bg4 4. f3 Bf5 5. c4 e6 6. dxe6 Nc6 7. Be3 Nb4 8.
Na3 fxe6 9. Nh3 c5 10. Nf2 Qa5 11. Qd2 O-O-O 12. Be2 cxd4 13. Bg5 d3 14. Bd1
Nc2+ 15. Nxc2 Qxd2+ 16. Bxd2 dxc2 17. Be2 Bc5 18. Rf1 Rd7 19. g4 Bg6 20. g5
Rhd8 21. Bc3 Nh5 22. Ng4 Nf4 23. Rh1 Bd3 24. Bxd3 Rxd3 25. Nf2 Re3+ 26. Kf1
Rxf3 {White resigns} 0-1

[Event "ICCopen2017"]
[Site "Internet Chess Club"]
[Date "2017.03.26"]
[Round "4"]
[White "NomDeGuerre"]
[Black "Mandragora"]
[Result "1/2-1/2"]
[ICCResult "White ran out of time and Black has no material to mate"]
[WhiteElo "2026"]
[BlackElo "1567"]
[Opening "Sicilian: Alapin's variation (2.c3)"]
[ECO "B22"]
[NIC "SI.46"]
[Time "19:41:06"]
[TimeControl "180+0"]

1. e4 c5 2. c3 Nc6 3. d4 cxd4 4. cxd4 d6 5. d5 Ne5 6. Nf3 Ng6 7. Bd3 Bg4 8.
Nbd2 Rc8 9. O-O a6 10. h3 Bxf3 11. Nxf3 e6 12. dxe6 fxe6 13. e5 d5 14. Ng5
Rc6 15. Qh5 Ne7 16. Be3 Kd7 17. Nxh7 Rxh7 18. Qxh7 Nxe5 19. Be2 Nf5 20. Bf4
Qf6 21. Bxe5 Qxe5 22. Bg4 Rc2 23. Rae1 Qf6 24. Re2 Rxe2 25. Bxe2 Bc5 26. Bf3
Qxb2 27. Bg4 Qf6 28. Bxf5 exf5 29. Qg8 d4 30. Re1 Kc7 31. Re6 Qg5 32. Qf7+
Kb8 33. Qe8+ Ka7 34. Re5 Qc1+ 35. Re1 Qf4 36. Qe5 Qxe5 37. Rxe5 b6 38. Rxf5
d3 39. Kf1 d2 40. Ke2 Bb4 41. Rf7+ Kb8 42. Rxg7 a5 43. Rd7 Kc8 44. Rxd2 Bxd2
45. Kxd2 Kd7 46. a4 Ke6 47. Kc3 Kd5 48. Kb3 Kc5 49. g4 Kd4 50. g5 Ke5 51. g6
Kf6 52. Kc4 Kxg6 53. Kb5 Kh5 54. Kxb6 Kh4 55. Kxa5 Kxh3 56. Kb5 Kg2 57. a5
Kxf2 58. a6 Ke3 59. a7 Kd2 60. a8=Q Kd3 61. Qd5+ Kc3 62. Qf5 Kd4 63. Kb4 Ke3
64. Kc3 Ke2 65. Kd4 Kd2 66. Qf2+ Kc1
{White ran out of time and Black has no material to mate}
1/2-1/2

[Event "ICCopen2017"]
[Site "Internet Chess Club"]
[Date "2017.03.26"]
[Round "4"]
[White "littleplotkin"]
[Black "tigerr"]
[Result "0-1"]
[ICCResult "White resigns"]
[WhiteElo "2251"]
[BlackElo "2053"]
[Opening "Richter-Veresov attack"]
[ECO "D01"]
[NIC "QP.07"]
[Time "19:41:47"]
[TimeControl "180+0"]

1. d4 Nf6 2. Nc3 d5 3. Bg5 g6 4. Bxf6 exf6 5. e4 dxe4 6. Nxe4 Bg7 7. c3 O-O
8. Be2 f5 9. Ng3 Nd7 10. Nf3 c5 11. O-O cxd4 12. Nxd4 Qb6 13. Nb3 Ne5 14.
Qc2 Be6 15. Rfd1 f4 16. Ne4 Rad8 17. Rxd8 Rxd8 18. Rd1 Bd5 19. Nbc5 f5 20.
Na4 Qc7 21. Nec5 f3 22. gxf3 Bxf3 23. Rxd8+ Qxd8 24. Qb3+ Bd5 25. Qb4 b6 26.
Nd3 Qg5+ 27. Kf1 Nxd3 28. Bxd3 Qd2 29. Qe7 Qxd3+ 30. Ke1 Qe4+ 31. Qxe4 Bxe4
32. b3 b5 33. Nc5 Bxc3+ 34. Ke2 Bd5 35. Ke3 Be5 36. f4 Bd6 37. Nd7 Kf7 38.
a4 bxa4 39. bxa4 Ke6 40. Ne5 Bxe5 41. fxe5 Kxe5 {White resigns} 0-1

[Event "ICCopen2017"]
[Site "Internet Chess Club"]
[Date "2017.03.26"]
[Round "4"]
[White "hecan58"]
[Black "carpedef"]
[Result "1-0"]
[ICCResult "Black forfeits on time"]
[WhiteElo "1576"]
[BlackElo "1783"]
[Opening "Sicilian defense"]
[ECO "B41"]
[NIC "SI.43"]
[Time "19:40:49"]
[TimeControl "180+0"]

1. e4 c5 2. Nf3 e6 3. d4 cxd4 4. c3 d5 5. exd5 Qxd5 6. Nxd4 Nf6 7. Bb5+ Bd7
8. Bxd7+ Nbxd7 9. O-O Bc5 10. Be3 O-O 11. Nd2 a6 12. N2b3 Ba7 13. h3 Rfd8
14. Qe2 Nc5 15. Rad1 Nxb3 16. Nxb3 Qe5 17. Nd4 Nd5 18. Nf3 Qc7 19. Bxa7 Rxa7
20. Qe4 Raa8 21. Ng5 Nf6 22. Qh4 h6 23. Nf3 Qb6 24. b3 Qa5 25. Ne5 Qxe5 26.
Rc1 Rd2 27. a4 Rad8 28. c4 Qb2 29. Rb1 Qc2 30. Qf4 Qe4 31. Qc7 R8d7 32. Qc8+
Kh7 33. Qc5 Re2 34. b4 Rdd2 35. b5 axb5 36. cxb5 Qf5 37. a5 Rxf2 38. Qxf5+
exf5 39. Rxf2 Rd5 40. Ra2 Ne4 41. a6 bxa6 42. bxa6 Rd8 43. a7 Nc3 44. Rb8
Rd1+ 45. Kh2 f4 46. a8=Q Ne4 47. Qxe4+ g6 48. Qe5 g5 49. Ra7 Kg6 50. Qe4+
Kh5 51. Qf3+ {Black forfeits on time} 1-0

[Event "ICCopen2017"]
[Site "Internet Chess Club"]
[Date "2017.03.26"]
[Round "4"]
[White "unkavalo"]
[Black "kaimann"]
[Result "1-0"]
[ICCResult "Black resigns"]
[WhiteElo "2450"]
[BlackElo "1947"]
[Opening "English opening"]
[ECO "A13"]
[NIC "EO.64"]
[Time "19:42:25"]
[TimeControl "180+0"]

1. c4 e6 2. Nc3 d5 3. e3 Nf6 4. Nf3 Be7 5. b3 O-O 6. Be2 c5 7. cxd5 exd5 8.
d4 cxd4 9. Nxd4 Nc6 10. O-O Nxd4 11. Qxd4 Be6 12. Bb2 Qd7 13. Rfd1 Rfd8 14.
Rac1 a6 15. Na4 Rac8 16. Nc5 Bxc5 17. Rxc5 Rxc5 18. Qxc5 Ne4 19. Qd4 f6 20.
Bf3 Bg4 21. Bxg4 Qxg4 22. f3 Qh5 23. fxe4 Qe2 24. exd5 Kh8 25. d6 Rd7 26. h3
h6 27. Rd2 Qe1+ 28. Kh2 Qb1 29. Qg4 Rd8 30. d7 Qxa2 31. Qe6 Qa5 32. Rc2 Kh7
33. Rc8 h5 34. Bc3 {Black resigns} 1-0

[Event "ICCopen2017"]
[Site "Internet Chess Club"]
[Date "2017.03.26"]
[Round "4"]
[White "yozhik"]
[Black "Voltage"]
[Result "1/2-1/2"]
[ICCResult "Game drawn by repetition"]
[WhiteElo "2709"]
[BlackElo "2464"]
[Opening "Sicilian: Pelikan, Chelyabinsk variation"]
[ECO "B41"]
[NIC "SI.37"]
[Time "19:41:18"]
[TimeControl "180+0"]

1. Nf3 e6 2. e4 c5 3. d4 cxd4 4. Nxd4 Nf6 5. Nc3 Nc6 6. Ndb5 d6 7. Bf4 e5 8.
Bg5 a6 9. Na3 b5 10. Nd5 Be7 11. Nxe7 Nxe7 12. Bd3 Ng6 13. c4 O-O 14. cxb5
d5 15. Bxf6 Qxf6 16. exd5 e4 17. Be2 Qxb2 18. Nc4 Qc3+ 19. Nd2 e3 20. fxe3
Qxe3 21. Qb3 Qe5 22. Kf2 axb5 23. Nf3 Qd6 24. Rhd1 b4 25. Kg1 Nf4 26. Bf1
Ba6 27. Bxa6 Rxa6 28. Qc4 Ng6 29. Rac1 h6 30. g3 Rfa8 31. Rd2 Ra3 32. Nd4
Ne5 33. Qc5 Qxc5 34. Rxc5 Rxa2 35. Rxa2 Rxa2 36. d6 Rd2 37. Nf5 g6 38. Rxe5
gxf5 39. Rxf5 Rxd6 40. Rb5 Rd4 41. Kg2 Kg7 42. Kh3 Kg6 43. Rb6+ f6 44. Rb5
Rc4 45. Rb6 Rd4 46. Rb5 Rc4 47. Rb6 h5 48. Rb5 Rd4 49. Rb6 Re4 50. Rb5 Kh6
51. Rb6 Kg5 52. Rb5+ Kg6 53. Rb6 Rc4 54. Rb5 Rd4 55. Rb6 Kf7 56. Rb7+ Kg6
57. Rb5 Rc4 58. Rb6 Rd4 59. Rb5 Re4 60. Rb6 Rc4 61. Rb5 Rd4 62. Rb6 Rc4 63.
Rb5 Rd4 64. Rb6 Rc4 65. Rb5 Rd4 {Game drawn by repetition} 1/2-1/2

[Event "ICCopen2017"]
[Site "Internet Chess Club"]
[Date "2017.03.26"]
[Round "4"]
[White "refid"]
[Black "PawnderingMate"]
[Result "1-0"]
[ICCResult "Black resigns"]
[WhiteElo "1820"]
[BlackElo "1296"]
[Opening "French: Winawer, advance, poisoned pawn variation"]
[ECO "C18"]
[NIC "FR.11"]
[Time "19:40:59"]
[TimeControl "180+0"]

1. e4 e6 2. d4 d5 3. Nc3 Bb4 4. e5 c5 5. a3 Bxc3+ 6. bxc3 Ne7 7. Qg4 Nbc6 8.
Qxg7 Rg8 9. Qxh7 cxd4 10. f4 Qa5 11. Ne2 dxc3 12. Qd3 b6 13. h4 Ba6 14. Qxc3
d4 15. Qxa5 bxa5 16. h5 O-O-O 17. h6 Rh8 18. g4 Ng8 19. Bg2 Rxh6 20. Rxh6
Nxh6 21. g5 Ng4 22. Bxc6 Kc7 23. Bf3 Ne3 24. Bxe3 dxe3 25. Rd1 Rb8 26. Nd4
Rb2 27. f5 exf5 28. Nxf5 Rxc2 29. Nxe3 Ra2 30. Bd5 Rxa3 31. Nf5 Bd3 32. Nd6
Bg6 33. Nb5+ Kb6 34. Nxa3 Kc5 35. Bc4 Kb4 36. Ra1 Be4 37. Bxf7 Kc3 38. e6
Bd5 39. g6 Kb2 40. g7 Kxa1 41. g8=Q Kb2 42. Qb8+ Kxa3 43. Qxa7 Kb4 44. Qb6+
Ka4 45. e7 Bxf7 46. Qd4+ Kb5 47. Qf6 Be8 48. Qd6 a4 49. Qd5+ Kb4 50. Qd4+
Kb3 51. Qd8 a3 52. Qxe8 a2 53. Qb5+ Kc3 54. Qa5+ Kb2 55. Qxa2+ Kxa2 56. e8=Q
Kb2 57. Qc6 Kb3 58. Qc5 Ka4 59. Kd2 Kb3 60. Qc3+ Ka4 61. Qb2 Ka5 62. Kc3 Ka6
63. Kc4 Ka7 64. Kc5 Ka8 65. Kc6 {Black resigns} 1-0

[Event "ICCopen2017"]
[Site "Internet Chess Club"]
[Date "2017.03.26"]
[Round "4"]
[White "DaffyDuck"]
[Black "shredded"]
[Result "0-1"]
[ICCResult "White checkmated"]
[WhiteElo "1699"]
[BlackElo "2709"]
[Opening "English opening"]
[ECO "A10"]
[NIC "EO.64"]
[Time "19:41:55"]
[TimeControl "180+0"]

1. c4 d5 2. cxd5 Nf6 3. Nc3 Nxd5 4. Qb3 Nb6 5. g3 Nc6 6. Bg2 e5 7. e3 Bd6 8.
Nge2 O-O 9. Bxc6 bxc6 10. d4 c5 11. dxe5 Bxe5 12. O-O Bb7 13. f3 Qe7 14. e4
c4 15. Qc2 f5 16. Be3 fxe4 17. Nxe4 Qf7 18. Rac1 h6 19. Bxb6 axb6 20. Qxc4
Qxc4 21. Rxc4 Rxa2 22. f4 Bd5 23. Rb4 Rxb2 24. Rxb2 Bxb2 25. N2c3 Bf7 26.
Rf2 Ba3 27. Re2 Re8 28. Kf1 Bb4 29. Kf2 Bxc3 30. Nxc3 Rxe2+ 31. Nxe2 Kf8 32.
Ke3 Ke7 33. Kd4 Kd6 34. Nc3 c5+ 35. Ke4 Bc4 36. g4 b5 37. Nd1 b4 38. Ne3 Be6
39. f5 Bf7 40. Kd3 Ke5 41. h3 Kf4 42. Nf1 Kf3 43. Nd2+ Kg3 44. Ne4+ Kxh3 45.
Nxc5 Kxg4 46. f6 gxf6 47. Ne4 Bg6 48. Ke3 Bxe4 49. Kxe4 h5 50. Ke3 h4 51.
Kf2 h3 52. Kg1 b3 53. Kh2 b2 54. Kg1 Kf3 55. Kh2 b1=Q 56. Kxh3 Qh1#
{White checkmated}
0-1

[Event "ICCopen2017"]
[Site "Internet Chess Club"]
[Date "2017.03.26"]
[Round "4"]
[White "BillietheKid"]
[Black "qpr"]
[Result "0-1"]
[ICCResult "White resigns"]
[WhiteElo "1419"]
[BlackElo "1598"]
[Opening "Sicilian: Kan, 5.Nc3"]
[ECO "B43"]
[NIC "SI.41"]
[Time "19:41:07"]
[TimeControl "180+0"]

1. e4 c5 2. Nf3 e6 3. d4 cxd4 4. Nxd4 a6 5. Nc3 Qc7 6. Be2 Nf6 7. O-O b5 8.
a3 Bb7 9. Be3 Nxe4 10. Nxe4 Bxe4 11. Bf3 Bxf3 12. Qxf3 Nc6 13. c3 Bd6 14. h3
O-O 15. Qg4 f5 16. Qe2 f4 17. Bd2 Nxd4 18. cxd4 f3 19. Qe3 Bf4 20. Qd3 Bxd2
21. Qxd2 Rf4 22. d5 Qe5 23. Rfe1 Qf6 24. dxe6 dxe6 25. Rxe6 Qxe6 26. Qxf4
Rf8 27. Qd2 Qg6 28. Qd5+ Kh8 29. g4 h6 30. Re1 Qf6 31. b4 Qh4 32. Kh2 Qxf2+
{White resigns}
0-1

[Event "ICCopen2017"]
[Site "Internet Chess Club"]
[Date "2017.03.26"]
[Round "4"]
[White "MoonlightWizard"]
[Black "Trentosk"]
[Result "1-0"]
[ICCResult "Black checkmated"]
[WhiteElo "2800"]
[BlackElo "2545"]
[Opening "Ruy Lopez: Möller defense"]
[ECO "C78"]
[NIC "RL.12"]
[Time "19:41:29"]
[TimeControl "180+0"]

1. e4 e5 2. Nf3 Nc6 3. Bb5 a6 4. Ba4 Nf6 5. O-O Bc5 6. Nxe5 Nxe5 7. d4 Nxe4
8. dxe5 Qh4 9. Be3 Bxe3 10. fxe3 Nc5 11. Bb3 O-O 12. Nc3 Qg5 13. Qd4 Ne6 14.
Qe4 Rb8 15. Rad1 b6 16. Bd5 Qe7 17. Rf2 Bb7 18. Bxb7 Nc5 19. Qf4 Rxb7 20.
Nd5 Qe6 21. Rf3 d6 22. Nf6+ Kh8 23. Rh3 Qxh3 24. gxh3 Ne6 25. Qh4 gxf6 26.
Qxf6+ Kg8 27. exd6 cxd6 28. Kh1 Rc8 29. c3 Rbc7 30. Rxd6 Rc5 31. Rxb6 Rd5
32. Rxe6 Rcd8 33. Re4 Kf8 34. Qh8# {Black checkmated} 1-0

[Event "ICCopen2017"]
[Site "Internet Chess Club"]
[Date "2017.03.26"]
[Round "4"]
[White "Eigeneier"]
[Black "nurmi"]
[Result "0-1"]
[ICCResult "White forfeits on time"]
[WhiteElo "1916"]
[BlackElo "2308"]
[Opening "QGA: 3.e4"]
[ECO "D20"]
[NIC "QG.04"]
[Time "19:41:06"]
[TimeControl "180+0"]

1. d4 d5 2. c4 dxc4 3. e4 Nf6 4. e5 Nd5 5. Bxc4 Nb6 6. Bb3 Nc6 7. Nf3 Bg4 8.
Be3 e6 9. O-O Be7 10. Nc3 Nb4 11. a3 N4d5 12. Ne4 O-O 13. Rc1 c6 14. h3 Bh5
15. Nc5 Qc7 16. Qd3 Rad8 17. Nd2 Nd7 18. Nde4 Bg6 19. Qe2 Rfe8 20. Nxd7 Rxd7
21. Nc5 Rdd8 22. f4 b6 23. Na6 Qb7 24. Bd2 h5 25. Nb4 Nxb4 26. axb4 Rxd4 27.
Bc3 Rd7 28. Kh2 c5 29. bxc5 Bxc5 30. Rfd1 Red8 31. Rxd7 Rxd7 32. Rd1 Rxd1
33. Qxd1 Qc7 34. Qe2 Qd7 35. Bc2 Bxc2 36. Qxc2 g6 37. Qe4 Qd5 38. Qxd5 exd5
39. Kg3 Kf8 40. Bd2 Ke7 41. Kf3 Ke6 42. Ke2 f6 43. exf6 Kxf6 44. Kd3 Kf5 45.
g3 Bf2 46. b4 Bxg3 47. Kd4 Bxf4 48. Bc3 Be5+ {White forfeits on time} 0-1

[Event "ICCopen2017"]
[Site "Internet Chess Club"]
[Date "2017.03.26"]
[Round "4"]
[White "kingmate"]
[Black "Kalmyk"]
[Result "1-0"]
[ICCResult "Black resigns"]
[WhiteElo "2491"]
[BlackElo "2816"]
[Opening "Sicilian: Alapin's variation (2.c3)"]
[ECO "B22"]
[NIC "SI.46"]
[Time "19:41:02"]
[TimeControl "180+0"]

1. e4 c5 2. c3 Nf6 3. e5 Nd5 4. Nf3 e6 5. g3 d6 6. exd6 Bxd6 7. Bg2 O-O 8.
O-O Nc6 9. d4 Qc7 10. dxc5 Bxc5 11. Qe2 h6 12. a3 a5 13. c4 Nf6 14. Nc3 e5
15. Nd5 Nxd5 16. cxd5 Nd4 17. Nxd4 Bxd4 18. Be3 Bf5 19. Rfd1 Qb6 20. Qd2
Bxe3 21. fxe3 Qd6 22. e4 Bd7 23. Kh1 f5 24. exf5 Rxf5 25. Be4 Rf6 26. Rf1
Raf8 27. Bg2 a4 28. Rxf6 Rxf6 29. Rc1 Bf5 30. Qe3 e4 31. Qd4 Qe7 32. Re1 Bg6
33. Kg1 Qc7 34. Bxe4 Bxe4 35. Qxe4 Qb6+ 36. Qe3 Qxb2 37. Qe8+ Rf8 38. Qe6+
Kh8 39. Qe3 Qb5 40. d6 Qd5 41. Qe5 Qd2 42. Re2 Qd1+ 43. Re1 Qd2 44. Qe2 Qxd6
45. Qe3 Qd5 46. Rc1 b5 47. Qc5 Qd2 48. Rf1 Rxf1+ 49. Kxf1 Qd3+ 50. Kf2 Qb3
51. Qf8+ Kh7 52. Qf5+ Kh8 53. Qf8+ Kh7 54. Qc5 Qb2+ 55. Ke3 b4 56. Qf5+ Kh8
57. Qc8+ Kh7 58. Qf5+ Kh8 59. Qf8+ Kh7 60. axb4 Qb3+ 61. Kd4 a3 62. Qf5+ Kh8
63. Qc8+ Qg8 64. Qxg8+ Kxg8 65. Kc3 Kf7 66. Kb3 Ke6 67. Kxa3 Kd6 68. Ka4 Kc6
69. Ka5 Kb7 70. Kb5 Kc7 71. Kc5 Kb7 72. h4 {Black resigns} 1-0

[Event "ICCopen2017"]
[Site "Internet Chess Club"]
[Date "2017.03.26"]
[Round "4"]
[White "fletcherdavid"]
[Black "octavia"]
[Result "0-1"]
[ICCResult "White forfeits on time"]
[WhiteElo "1868"]
[BlackElo "2238"]
[Opening "Nimzovich-Larsen attack: modern variation"]
[ECO "A01"]
[NIC "VO.08"]
[Time "19:41:20"]
[TimeControl "180+0"]

1. b3 e5 2. Bb2 Nc6 3. e3 Nf6 4. Bb5 Bd6 5. Ne2 O-O 6. Bxc6 dxc6 7. d4 exd4
8. Qxd4 Re8 9. c4 Bf5 10. Nbc3 Be5 11. Qxd8 Raxd8 12. Ng3 Bd3 13. Na4 b6 14.
Bxe5 Rxe5 15. Rd1 Re7 16. Nb2 Red7 17. Nxd3 Rxd3 18. Rxd3 Rxd3 19. Ke2 Rd6
20. Rd1 g6 21. f3 Kf8 22. e4 Nd7 23. Nf1 Ke7 24. Ne3 h5 25. h4 a5 26. Rd3
Nc5 27. Rxd6 cxd6 28. Kd2 Ke6 29. Kc3 Ke5 30. g3 f5 31. exf5 gxf5 32. Ng2
Ne6 33. Kd3 d5 34. cxd5 cxd5 35. Ne1 b5 36. Nc2 d4 37. Ne1 Nc5+ 38. Kd2 f4
39. g4 hxg4 40. fxg4 Ne4+ 41. Kd3 Nf2+ 42. Ke2 Nxg4 43. Nf3+ Kd5 44. h5 Nh6
45. Kd3 Ng4 46. Nxd4 Ne5+ {White forfeits on time} 0-1

[Event "ICCopen2017"]
[Site "Internet Chess Club"]
[Date "2017.03.26"]
[Round "4"]
[White "sasukenakamura"]
[Black "simplerxiao"]
[Result "1-0"]
[ICCResult "Black checkmated"]
[WhiteElo "1615"]
[BlackElo "2044"]
[Opening "Scotch: Potter variation"]
[ECO "C45"]
[NIC "SO.05"]
[Time "19:41:38"]
[TimeControl "180+0"]

1. e4 e5 2. Nf3 Nc6 3. d4 exd4 4. Nxd4 Bc5 5. Nb3 Bb6 6. Nc3 d6 7. a4 a6 8.
Nd5 Ba7 9. Be3 Bxe3 10. Nxe3 Be6 11. g3 Qd7 12. Bg2 Nge7 13. O-O Bh3 14. c4
O-O-O 15. Nd4 h5 16. Nxc6 Nxc6 17. b3 Kb8 18. Ra2 Ne5 19. f4 Nc6 20. Nd5 Bg4
21. Qd3 h4 22. b4 hxg3 23. hxg3 Ne7 24. b5 a5 25. b6 c6 26. Nxe7 Qxe7 27.
Qc3 Rh5 28. e5 dxe5 29. Qxa5 e4 30. Qa7+ Kc8 31. Qa8+ Kd7 32. Qxb7+ Ke8 33.
Qxc6+ Kf8 34. Qxe4 Qc5+ 35. Raf2 Qxb6 36. Re1 Kg8 37. Bf3 Bf5 38. Qe3 Qf6
39. Bxh5 g6 40. Bf3 Rc8 41. Bd5 Rb8 42. Qe7 Qg7 43. Qc7 Rb4 44. Qd8+ Kh7 45.
Rh2+ Qh6 46. Rxh6+ Kxh6 47. Qf8+ Kh5 48. Qxb4 Kg4 49. Kf2 f6 50. Bf3+ Kh3
51. Rh1# {Black checkmated} 1-0

[Event "ICCopen2017"]
[Site "Internet Chess Club"]
[Date "2017.03.26"]
[Round "4"]
[White "BrentMusburger"]
[Black "catshow"]
[Result "1-0"]
[ICCResult "Black resigns"]
[WhiteElo "2350"]
[BlackElo "1841"]
[Opening "Ruy Lopez: Berlin defense"]
[ECO "C65"]
[NIC "RL.07"]
[Time "19:42:20"]
[TimeControl "180+0"]

1. e4 e5 2. Nf3 Nc6 3. Bb5 Nf6 4. d3 Bc5 5. O-O d6 6. c3 O-O 7. d4 Bb6 8.
Re1 Bg4 9. Bxc6 bxc6 10. Bg5 h6 11. Bh4 Bxf3 12. gxf3 g5 13. Bg3 Nh5 14. Qd3
Qf6 15. Rd1 Nf4 16. Bxf4 gxf4 17. a4 a5 18. Na3 Kh7 19. Nc4 Rg8+ 20. Kf1 Qh4
21. Ke2 exd4 22. cxd4 f5 23. e5 Qh5 24. Rg1 dxe5 25. Nxe5 Rxg1 26. Rxg1 Rd8
27. Nxc6 Qe8+ 28. Ne5 Rxd4 29. Qxf5+ Kh8 30. Qf6+ {Black resigns} 1-0

[Event "ICCopen2017"]
[Site "Internet Chess Club"]
[Date "2017.03.26"]
[Round "4"]
[White "Clownfish"]
[Black "Filiron"]
[Result "0-1"]
[ICCResult "White resigns"]
[WhiteElo "2622"]
[BlackElo "1996"]
[Opening "French: exchange variation"]
[ECO "C01"]
[NIC "FR.01"]
[Time "19:41:45"]
[TimeControl "180+0"]

1. e4 e6 2. d4 d5 3. exd5 exd5 4. Bd3 Nc6 5. Nf3 Bg4 6. c3 Bd6 7. O-O Qd7 8.
Re1+ Nge7 9. h3 Bh5 10. Be2 O-O-O 11. Ne5 Bxe2 12. Qxe2 Bxe5 13. dxe5 d4 14.
Bf4 Qe6 15. cxd4 Nxd4 16. Qe4 Nec6 17. Nc3 Qg6 18. Qxg6 hxg6 19. Rad1 Ne6
20. Bg3 Ne7 21. Rxd8+ Rxd8 22. Bh4 g5 23. Bg3 Nf5 24. Ne4 Rd5 25. Bh2 b6 26.
Kf1 Kd7 27. Nc3 Rd2 28. Re2 Rd3 29. Ne4 c5 30. Rd2 Rxd2 31. Nxd2 Kc6 32. Ne4
Kd5 33. Nd6 Nxd6 34. exd6 Kc6 35. Ke2 f5 36. Kf3 b5 37. Be5 g6 38. Ke3 Kd5
39. f4 gxf4+ 40. Bxf4 g5 41. Bxg5 Nxg5 42. Kf4 Ne6+ 43. Kxf5 Kxd6 44. g4 c4
45. g5 b4 46. Ke4 Kc5 47. g6 Ng7 48. h4 a5 49. Ke3 Kd5 50. Kd2 Kd4 51. Kc2
a4 52. a3 bxa3 53. bxa3 c3 54. Kc1 Kd3 55. Kd1 Nh5 56. Kc1 c2 {White
resigns} 0-1